Ice Dragons vs Remparts
Created - April 8, 2020 at 19:43
Goals
|
| Ice Dragons |
0 |
3 |
2 |
5 |
| Remparts |
1 |
0 |
3 |
4 |
|
Shots
|
| Ice Dragons |
5 |
13 |
16 |
34 |
| Remparts |
7 |
11 |
20 |
38 |
|
1st period
1. Remparts , Guillaume Desbiens 31 (Logan Stephenson 1, Pontus Aberg 37) at 17:36 (PP)
Penalties :
Brayden McNabb (Kin) for Hooking (Minor) at 16:16, Brandon Kozun (Kin) for Interference (Minor) at 18:03
2nd period
2. Ice Dragons , Brian Boyle 40 (Jordan LaVallee 52) at 2:05 (PP)
3. Ice Dragons , Brandon Kozun 26 (Jordan LaVallee 53, Brian Boyle 57) at 9:24
4. Ice Dragons , Brayden McNabb 4 (Corban Knight 43) at 11:43 (SH)
Penalties :
Roberts Lipsbergs (Que) for Tripping (Minor) at 2:02, Brian Boyle (Kin) for Holding (Minor) at 10:57, Brian Boyle (Kin) for Holding (Minor) at 18:57
3rd period
5. Ice Dragons , Jordan LaVallee 47 (Brian Boyle 58) at 1:21
6. Remparts , Roberts Lipsbergs 2 (Jonathan Matsumoto 19, John Draeger 17) at 3:00 (SH)
7. Remparts , Brayden Point 11 (William Colbert 32, Michael Latta 19) at 11:17
8. Ice Dragons , Kevin Connauton 11 (Brandon Kozun 34, Jordan LaVallee 54) at 12:24 (PP)
9. Remparts , Brayden Point 12 (Michal Jordan 29, Logan Stephenson 2) at 17:26
Penalties :
Rickard Rakell (Que) for Interference (Minor) at 1:41, Jake Virtanen (Que) for Hooking (Minor) at 12:07, Corban Knight (Kin) for Roughing (Minor) at 18:13
Goalie Stats
Harru Sateri (Kin), 34 saves from 38 shots - (0.895), W, 30-16-6, 60:00 minutes
Igor Bobkov (Que), 29 saves from 34 shots - (0.853), L, 15-11-2, 58:47 minutes
Players Stats for Ice Dragons
Player Name G A P +/- PIM S H SB GA TA FO MP PP MP PK MP
------------------------------------------------------------------------------------
Adam Clendening 0 0 0 -1 0 0 1 0 0 1 0/0 19:27 0:26 3:23
Billy Sweat 0 0 0 -2 0 1 2 1 0 1 0/0 15:37 0:55 0:00
Boone Jenner 0 0 0 -2 0 4 0 1 1 0 8/13 18:01 0:55 2:01
Brandon Kozun 1 1 2 2 2 3 0 1 2 0 1/2 15:52 1:24 0:00
Brayden McNabb 1 0 1 1 2 1 3 0 1 1 0/0 28:08 1:53 5:14
Brian Boyle 1 2 3 2 4 7 2 1 0 1 17/31 19:58 1:24 2:44
Chris Wagner 0 0 0 -1 0 0 1 0 0 0 0/0 11:46 0:00 0:00
Corban Knight 0 1 1 0 2 1 0 2 0 0 2/5 14:39 0:00 1:48
Jerome Gauthier-Leduc 0 0 0 0 0 0 1 1 0 0 0/0 11:58 0:00 0:00
Jordan LaVallee 1 3 4 2 0 3 2 0 1 0 6/11 24:53 1:24 5:23
Justin Shugg 0 0 0 -2 0 1 0 0 1 0 2/3 15:37 0:55 0:00
Kevin Connauton 1 0 1 1 0 4 1 1 1 1 0/0 28:35 1:53 5:40
Logan MacMillan 0 0 0 -1 0 2 0 0 1 1 0/0 11:36 0:00 0:00
Phil Di Giuseppe 0 0 0 0 0 0 0 0 0 0 0/1 4:09 0:00 0:15
Robin Norell 0 0 0 0 0 1 0 1 0 0 0/0 12:24 0:00 0:26
Sam Carrick 0 0 0 0 0 2 1 1 1 0 2/2 9:56 0:00 3:31
William Carrier 0 0 0 1 0 3 1 0 0 0 0/0 8:49 0:00 2:24
Zach Trotman 0 0 0 -1 0 1 0 0 1 1 0/0 19:27 0:26 3:23
Players Stats for Remparts
Player Name G A P +/- PIM S H SB GA TA FO MP PP MP PK MP
------------------------------------------------------------------------------------
Brayden Point 2 0 2 0 0 4 2 0 0 2 14/37 21:09 4:50 0:00
Cédric Lalonde-McNicoll 0 0 0 0 0 3 2 0 1 0 5/10 14:00 0:00 2:04
Cedric Paquette 0 0 0 0 0 0 1 0 0 0 1/3 7:52 0:00 0:00
Guillaume Desbiens 1 0 1 -1 0 1 6 0 0 1 1/1 16:42 4:11 0:00
Jake Virtanen 0 0 0 0 2 1 1 0 0 0 0/0 7:53 0:02 0:00
Jerry D'Amigo 0 0 0 0 0 3 3 0 1 0 0/0 11:25 0:02 0:00
John Draeger 0 1 1 1 0 2 2 2 0 1 0/0 16:26 0:00 1:48
Jonathan Matsumoto 0 1 1 0 0 2 0 0 0 0 5/11 18:26 4:11 1:11
Logan Stephenson 0 2 2 1 0 5 2 0 1 1 0/0 28:33 7:04 0:31
Matt Puempel 0 0 0 0 0 0 0 0 0 0 1/1 11:23 0:00 0:00
Michael Latta 0 1 1 0 0 5 2 1 1 0 2/2 21:09 4:50 0:00
Michal Jordan 0 1 1 -1 0 4 0 2 1 1 0/0 20:05 1:59 0:00
Niklas Hansson 0 0 0 -1 0 2 1 1 0 1 0/0 17:14 1:59 1:48
Pontus Aberg 0 1 1 -1 0 0 0 0 1 1 1/1 16:42 4:11 0:00
Rickard Rakell 0 0 0 0 2 4 4 0 1 0 0/2 22:01 4:50 0:20
Roberts Lipsbergs 1 0 1 1 2 2 3 0 0 0 0/0 8:56 0:02 1:03
Viktor Baldayev 0 0 0 -1 0 0 2 0 0 0 0/0 12:44 0:00 0:00
William Colbert 0 1 1 1 0 0 0 2 0 2 0/0 24:58 7:04 0:31
3 Stars
1 - Jordan LaVallee (Kin)
2 - Brayden Point (Que)
3 - Brian Boyle (Kin)
Power Play
Ice Dragons - 2 on 3 Attempt(s) - 66.67%
Remparts - 1 on 5 Attempt(s) - 20.00%
Penalty Kill
Ice Dragons - 4 on 5 Attempt(s) - 80.00%
- Score 1 goal in Penalty Kill
Remparts - 1 on 3 Attempt(s) - 33.33%
- Score 1 goal in Penalty Kill
Team Stat
Ice Dragons - Hits : 15 - Faceoff Wins : 38 - Blocked Shots : 10 - Penalty Minutes : 10
Remparts - Hits : 31 - Faceoff Wins : 30 - Blocked Shots : 8 - Penalty Minutes : 6
Official
Referees : Unknown
Linesman : Unknown
Game Notes
4:13 of 3rd period - Ice Dragons goal is going for a video replay. After video review, No Goal. The puck has entered the net after making contact with an attacking player’s stick that is above the height of the crossbar.
Finance
Level 1 -- Attendance: 1999 (99.95%) -- Ticket Income $59,970
Level 2 -- Attendance: 624 (62.40%) -- Ticket Income $12,480
Total Attendance: 2623 (87.43%)
Total Ticket Income: $72,450
Other Income: $3,622
Total Income: $76,072
Ice Dragons
5 vs 5 Forward
Center Left Wing Right Wing Time % Phy DF OF
1 Brian Boyle Jordan LaVallee Brandon Kozun 40 1 2 2
2 Boone Jenner Billy Sweat Justin Shugg 30 1 2 2
3 Corban Knight Logan MacMillan Chris Wagner 20 1 2 2
4 Sam Carrick William Carrier Jordan LaVallee 10 1 2 2
5 vs 5 Defense
Defense Defense Time % Phy DF OF
1 Brayden McNabb Kevin Connauton 40 1 2 2
2 Zach Trotman Adam Clendening 30 1 2 2
3 Jerome Gauthier-Leduc Robin Norell 20 1 2 2
4 Brayden McNabb Kevin Connauton 10 1 2 2
PowerPlay Forward
Center Left Wing Right Wing Time % Phy DF OF
1 Brian Boyle Jordan LaVallee Brandon Kozun 60 1 2 2
2 Boone Jenner Billy Sweat Justin Shugg 40 1 2 2
PowerPlay Defense
Defense Defense Time % Phy DF OF
1 Brayden McNabb Kevin Connauton 60 1 2 2
2 Zach Trotman Adam Clendening 40 1 2 2
Penalty Kill 4 Players Forward
Center Wing Time % Phy DF OF
1 Jordan LaVallee Brian Boyle 60 1 2 2
2 Boone Jenner Corban Knight 40 1 2 2
Penalty Kill 4 Players Defense
Defense Defense Time % Phy DF OF
1 Brayden McNabb Kevin Connauton 60 1 2 2
2 Zach Trotman Adam Clendening 40 1 2 2
Penalty Kill - 3 Players Forward
Forward Time % Phy DF OF
1 Jordan LaVallee 60 1 2 2
2 Brian Boyle 40 1 2 2
Penalty Kill - 3 Players Defense
Defense Defense Time % Phy DF OF
1 Brayden McNabb Kevin Connauton 60 1 2 2
2 Zach Trotman Adam Clendening 40 1 2 2
4 vs 4 Forward
Center Wing Time % Phy DF OF
1 Jordan LaVallee Brian Boyle 60 1 2 2
2 Boone Jenner Corban Knight 40 1 2 2
4 vs 4 Defense
Defense Defense Time % Phy DF OF
1 Brayden McNabb Kevin Connauton 60 1 2 2
2 Zach Trotman Adam Clendening 40 1 2 2
Last Minutes Offensive
Center Left Wing Right Wing Defense Defense
Brian Boyle Jordan LaVallee Brandon Kozun Brayden McNabb Kevin Connauton
Last Minutes Defensive
Center Left Wing Right Wing Defense Defense
Brian Boyle Jordan LaVallee Brandon Kozun Brayden McNabb Kevin Connauton
Goaltenders
Starting : Harru Sateri
Backup : Oscar Dansk
Extra Forwards
Normal : Phil Di Giuseppe, Logan MacMillan, Sam Carrick - PP : Phil Di Giuseppe, Logan MacMillan - PK : Sam Carrick
Extra Defensemen
Normal : Jerome Gauthier-Leduc, Robin Norell, Zach Trotman - PP : Jerome Gauthier-Leduc - PK : Robin Norell, Zach Trotman
Penalty Shots
Jordan LaVallee, Brian Boyle, Boone Jenner, Corban Knight, Billy Sweat
Scratches
Thomas Gobeil (Healthy), Theodor Blueger (Healthy), Alex Henriksson (Healthy), Emil Pettersson (Healthy), Cole Ully (Healthy)
Alex Plante (Healthy), Juho Lammikko (Healthy), Samuel Groulx (Right Ankle Injury)
Remparts
5 vs 5 Forward
Center Left Wing Right Wing Time % Phy DF OF
1 Brayden Point Michael Latta Rickard Rakell 40 0 2 3
2 Jonathan Matsumoto Pontus Aberg Guillaume Desbiens 30 0 2 3
3 Cédric Lalonde-McNicoll Matt Puempel Jerry D'Amigo 20 0 3 2
4 Cedric Paquette Roberts Lipsbergs Jake Virtanen 10 1 2 2
5 vs 5 Defense
Defense Defense Time % Phy DF OF
1 Logan Stephenson Michal Jordan 40 0 2 3
2 William Colbert John Draeger 30 1 2 2
3 Niklas Hansson Viktor Baldayev 20 1 2 2
4 Logan Stephenson William Colbert 10 1 2 2
PowerPlay Forward
Center Left Wing Right Wing Time % Phy DF OF
1 Brayden Point Michael Latta Rickard Rakell 60 0 1 4
2 Jonathan Matsumoto Pontus Aberg Guillaume Desbiens 40 0 1 4
PowerPlay Defense
Defense Defense Time % Phy DF OF
1 Logan Stephenson William Colbert 60 0 2 3
2 Michal Jordan Niklas Hansson 40 0 2 3
Penalty Kill 4 Players Forward
Center Wing Time % Phy DF OF
1 Cédric Lalonde-McNicoll Rickard Rakell 60 1 3 1
2 Jonathan Matsumoto Guillaume Desbiens 40 1 3 1
Penalty Kill 4 Players Defense
Defense Defense Time % Phy DF OF
1 Niklas Hansson John Draeger 60 1 4 0
2 William Colbert Logan Stephenson 40 1 4 0
Penalty Kill - 3 Players Forward
Forward Time % Phy DF OF
1 Cédric Lalonde-McNicoll 60 1 3 1
2 Rickard Rakell 40 1 3 1
Penalty Kill - 3 Players Defense
Defense Defense Time % Phy DF OF
1 Niklas Hansson John Draeger 60 1 4 0
2 William Colbert Logan Stephenson 40 1 4 0
4 vs 4 Forward
Center Wing Time % Phy DF OF
1 Brayden Point Rickard Rakell 60 0 2 3
2 Jonathan Matsumoto Pontus Aberg 40 0 2 3
4 vs 4 Defense
Defense Defense Time % Phy DF OF
1 Logan Stephenson Michal Jordan 60 0 2 3
2 William Colbert John Draeger 40 1 2 2
Last Minutes Offensive
Center Left Wing Right Wing Defense Defense
Brayden Point Michael Latta Rickard Rakell Logan Stephenson Michal Jordan
Last Minutes Defensive
Center Left Wing Right Wing Defense Defense
Cédric Lalonde-McNicoll Pontus Aberg Rickard Rakell Logan Stephenson Niklas Hansson
Goaltenders
Starting : Igor Bobkov
Backup : Garret Sparks
Extra Forwards
Normal : Jake Virtanen, Pontus Aberg, Brayden Point - PP : Jake Virtanen, Brayden Point - PK : Jonathan Matsumoto
Extra Defensemen
Normal : William Colbert, Logan Stephenson, Michal Jordan - PP : Niklas Hansson - PK : Michal Jordan, Niklas Hansson
Penalty Shots
Jonathan Matsumoto, Pontus Aberg, Brayden Point, Rickard Rakell, Michael Latta
Scratches
Juuso Ikonen (Healthy), Michael Downing (Healthy), Keaton Thompson (Healthy), Colin Smith (Healthy), Kyle Platzer (Healthy)
Connor Honey (Healthy), Anton Zlobin (Healthy), Mitchell Heard (Healthy), Tim Bozon (Healthy), Nelson Nogier (Healthy)
Marek Langhamer (Healthy)
% Time on Ice - Ice Dragons
Lines # - Real PCT - Wanted PCT - Time Play
Normal Forward
1 - 30% - 40% - 14:48
2 - 32% - 30% - 15:34
3 - 24% - 20% - 11:51
4 - 13% - 10% - 6:25
Normal Defense
1 - 39% - 40% - 19:05
2 - 32% - 30% - 15:38
3 - 25% - 20% - 11:58
4 - 4% - 10% - 1:57
PP Forward
1 - 60% - 60% - 1:24
2 - 40% - 40% - 0:55
PP Defense
1 - 81% - 60% - 1:53
2 - 19% - 40% - 0:26
PK Forward
1 - 78% - 60% - 7:02
2 - 22% - 40% - 2:01
PK Defense
1 - 63% - 60% - 5:40
2 - 37% - 40% - 3:23
PK3 Forward
1 - 0% - 60%
2 - 0% - 40%
PK3 Defense
1 - 0% - 60%
2 - 0% - 40%
44 Forward
1 - 0% - 60%
2 - 0% - 40%
44 Defense
1 - 0% - 60%
2 - 0% - 40%
Last Minute Offensive - 0:00
Last Minute Defensive - 0:00
Total
Forward - 60:00
Defense - 60:00
|
% Time on Ice - Remparts
Lines # - Real PCT - Wanted PCT - Time Play
Normal Forward
1 - 35% - 40% - 16:52
2 - 26% - 30% - 12:31
3 - 23% - 20% - 11:23
4 - 16% - 10% - 7:52
Normal Defense
1 - 41% - 40% - 19:53
2 - 29% - 30% - 14:05
3 - 24% - 20% - 11:49
4 - 6% - 10% - 2:51
PP Forward
1 - 54% - 60% - 4:52
2 - 46% - 40% - 4:11
PP Defense
1 - 78% - 60% - 7:04
2 - 22% - 40% - 1:59
PK Forward
1 - 100% - 60% - 2:19
2 - 0% - 40% - 0:00
PK Defense
1 - 78% - 60% - 1:48
2 - 22% - 40% - 0:31
PK3 Forward
1 - 0% - 60%
2 - 0% - 40%
PK3 Defense
1 - 0% - 60%
2 - 0% - 40%
44 Forward
1 - 0% - 60%
2 - 0% - 40%
44 Defense
1 - 0% - 60%
2 - 0% - 40%
Last Minute Offensive - 0:00
Last Minute Defensive - 0:00
Total
Forward - 60:00
Defense - 60:00
|
Play-by-Play
1st period
0:01 of 1st period - Brayden Point wins face-off versus Jordan LaVallee in neutral zone.
0:26 of 1st period - Kevin Connauton is hit by Logan Stephenson.
1:17 of 1st period - Wrist shot by Sam Carrick.
1:17 of 1st period - Stopped by Igor Bobkov with a rebound.
1:29 of 1st period - Snap shot by Brayden Point.
1:29 of 1st period - Stopped by Harru Sateri without a rebound.
1:30 of 1st period - Brayden Point wins face-off versus Brian Boyle in Ice Dragons zone.
1:55 of 1st period - Boone Jenner is hit by Guillaume Desbiens and loses puck.
2:20 of 1st period - Wrist shot by Jerry D'Amigo.
2:20 of 1st period - Shot Blocked by Corban Knight.
2:23 of 1st period - Icing by Adam Clendening.
2:24 of 1st period - Corban Knight wins face-off versus Cédric Lalonde-McNicoll in Ice Dragons zone.
3:40 of 1st period - Wrist shot by Cédric Lalonde-McNicoll.
3:40 of 1st period - Shot Misses the Net.
3:58 of 1st period - Wrist shot by Cédric Lalonde-McNicoll.
3:58 of 1st period - Stopped by Harru Sateri without a rebound.
3:59 of 1st period - Brayden Point wins face-off versus Brian Boyle in Ice Dragons zone.
4:08 of 1st period - Snap shot by Michael Latta.
4:08 of 1st period - Shot Misses the Net.
4:10 of 1st period - Wrist shot by Rickard Rakell.
4:10 of 1st period - Stopped by Harru Sateri with a rebound.
4:26 of 1st period - Michal Jordan is hit by Billy Sweat and loses puck.
4:33 of 1st period - Brayden McNabb is hit by Niklas Hansson and loses puck.
5:41 of 1st period - Off-side.
5:42 of 1st period - Justin Shugg wins face-off versus Cedric Paquette in neutral zone.
5:45 of 1st period - Cedric Paquette is hit by Brayden McNabb and loses puck.
6:12 of 1st period - Wrist shot by Brian Boyle.
6:12 of 1st period - Stopped by Igor Bobkov with a rebound.
6:14 of 1st period - Slapshot by Brandon Kozun.
6:14 of 1st period - Shot Misses the Net.
6:44 of 1st period - Wrist shot by Pontus Aberg.
6:44 of 1st period - Shot Blocked by Robin Norell.
7:43 of 1st period - Kevin Connauton is hit by Rickard Rakell and loses puck.
7:54 of 1st period - Jonathan Matsumoto is hit by Brian Boyle and loses puck.
8:07 of 1st period - Robin Norell is hit by Roberts Lipsbergs and loses puck.
8:24 of 1st period - Billy Sweat is hit by Jerry D'Amigo and loses puck.
8:45 of 1st period - Wrist shot by Jordan LaVallee.
8:45 of 1st period - Shot Blocked by Michal Jordan.
8:47 of 1st period - Snap shot by Jordan LaVallee.
8:47 of 1st period - Stopped by Igor Bobkov with a rebound.
9:05 of 1st period - William Carrier is hit by Michael Latta and loses puck.
9:20 of 1st period - Zach Trotman is hit by Jake Virtanen.
9:24 of 1st period - Sam Carrick is hit by Cedric Paquette and loses puck.
10:15 of 1st period - Snap shot by William Carrier.
10:15 of 1st period - Stopped by Igor Bobkov with a rebound.
10:41 of 1st period - Jerry D'Amigo is hit by Sam Carrick and loses puck.
10:48 of 1st period - Jordan LaVallee is hit by Viktor Baldayev and loses puck.
11:15 of 1st period - Snap shot by Cédric Lalonde-McNicoll.
11:15 of 1st period - Shot Blocked by Sam Carrick.
11:26 of 1st period - Snap shot by William Carrier.
11:26 of 1st period - Stopped by Igor Bobkov without a rebound.
11:27 of 1st period - Brayden Point wins face-off versus Boone Jenner in Remparts zone.
11:36 of 1st period - Justin Shugg is hit by Brayden Point and loses puck.
12:22 of 1st period - Robin Norell is hit by Rickard Rakell and loses puck.
13:14 of 1st period - Snap shot by Logan Stephenson.
13:14 of 1st period - Shot Misses the Net.
13:44 of 1st period - Michal Jordan is hit by Billy Sweat.
14:10 of 1st period - Rickard Rakell is hit by Jerome Gauthier-Leduc and loses puck.
14:24 of 1st period - Icing by Viktor Baldayev.
14:25 of 1st period - Jonathan Matsumoto wins face-off versus Phil Di Giuseppe in Remparts zone.
14:58 of 1st period - Slapshot by Jerry D'Amigo.
14:58 of 1st period - Stopped by Harru Sateri without a rebound.
14:59 of 1st period - Brian Boyle wins face-off versus Cédric Lalonde-McNicoll in Ice Dragons zone.
15:04 of 1st period - Slapshot by Brian Boyle.
15:04 of 1st period - Shot Misses the Net.
16:03 of 1st period - Snap shot by Brian Boyle.
16:03 of 1st period - Shot Blocked by John Draeger.
16:16 of 1st period - Minor Penalty to Brayden McNabb for Hooking.
16:17 of 1st period - Brayden Point wins face-off versus Jordan LaVallee in Ice Dragons zone.
16:42 of 1st period - Jordan LaVallee is hit by Guillaume Desbiens.
16:58 of 1st period - William Colbert is hit by Brian Boyle and loses puck.
17:10 of 1st period - Snap shot by Jonathan Matsumoto.
17:10 of 1st period - Shot Blocked by Corban Knight.
17:32 of 1st period - Snap shot by Pontus Aberg.
17:32 of 1st period - Shot Misses the Net.
17:34 of 1st period - Slapshot by Logan Stephenson.
17:34 of 1st period - Deflect By Boone Jenner.
17:34 of 1st period - Stopped by Harru Sateri with a rebound.
17:36 of 1st period - Snap shot by Guillaume Desbiens.
17:36 of 1st period - Goal by Guillaume Desbiens - Ice Dragons : 0 - Remparts : 1.
17:37 of 1st period - Brayden Point wins face-off versus Brian Boyle in neutral zone.
17:40 of 1st period - Snap shot by Michael Latta.
17:40 of 1st period - Shot Blocked by Brian Boyle.
17:50 of 1st period - Slapshot by Michael Latta.
17:50 of 1st period - Stopped by Harru Sateri with a rebound.
17:52 of 1st period - Wrist shot by Niklas Hansson.
17:52 of 1st period - Deflect By Rickard Rakell.
17:52 of 1st period - Shot Misses the Net.
17:52 of 1st period - Puck is out of play.
17:53 of 1st period - Brayden Point wins face-off versus Brian Boyle in Ice Dragons zone.
18:03 of 1st period - Minor Penalty to Brandon Kozun for Interference.
18:04 of 1st period - Jordan LaVallee wins face-off versus Brayden Point in Ice Dragons zone.
Goals for this period are 0 for Ice Dragons vs 1 for Remparts.
Shots for this period are 5 for Ice Dragons vs 7 for Remparts.
2nd period
0:01 of 2nd period - Jordan LaVallee wins face-off versus Brayden Point in neutral zone.
0:03 of 2nd period - Penalty to Brandon Kozun is over, Brandon Kozun is back on ice.
1:07 of 2nd period - Off-side.
1:08 of 2nd period - Brian Boyle wins face-off versus Brayden Point in neutral zone.
1:39 of 2nd period - Wrist shot by Boone Jenner.
1:39 of 2nd period - Shot Misses the Net.
2:02 of 2nd period - Minor Penalty to Roberts Lipsbergs for Tripping.
2:03 of 2nd period - Brian Boyle wins face-off versus Cédric Lalonde-McNicoll in Remparts zone.
2:05 of 2nd period - Backhand shot by Brian Boyle.
2:05 of 2nd period - Goal by Brian Boyle - Ice Dragons : 1 - Remparts : 1.
2:06 of 2nd period - Brian Boyle wins face-off versus Rickard Rakell in neutral zone.
2:14 of 2nd period - Icing by William Colbert.
2:15 of 2nd period - Brayden Point wins face-off versus Brian Boyle in Remparts zone.
2:15 of 2nd period - Brayden Point is hit by Jordan LaVallee.
2:23 of 2nd period - Snap shot by Rickard Rakell.
2:23 of 2nd period - Shot Misses the Net.
2:31 of 2nd period - Slapshot by Brian Boyle.
2:31 of 2nd period - Stopped by Igor Bobkov with a rebound.
2:43 of 2nd period - Wrist shot by Jordan LaVallee.
2:43 of 2nd period - Shot Misses the Net.
2:45 of 2nd period - Snap shot by Jordan LaVallee.
2:45 of 2nd period - Shot Misses the Net.
2:51 of 2nd period - Wrist shot by Brian Boyle.
2:51 of 2nd period - Stopped by Igor Bobkov with a rebound.
2:53 of 2nd period - Snap shot by Brian Boyle.
2:53 of 2nd period - Shot Blocked by Michael Latta.
2:55 of 2nd period - Wrist shot by Brayden McNabb.
2:55 of 2nd period - Shot Blocked by John Draeger.
2:57 of 2nd period - Snap shot by Brian Boyle.
2:57 of 2nd period - Deflect By Brandon Kozun.
2:57 of 2nd period - Shot Blocked by William Colbert.
2:57 of 2nd period - Puck is out of play.
2:58 of 2nd period - Boone Jenner wins face-off versus Jonathan Matsumoto in Remparts zone.
3:03 of 2nd period - Snap shot by Billy Sweat.
3:03 of 2nd period - Stopped by Igor Bobkov with a rebound.
3:32 of 2nd period - Snap shot by Logan MacMillan.
3:32 of 2nd period - Stopped by Igor Bobkov without a rebound.
3:33 of 2nd period - Michael Latta wins face-off versus Boone Jenner in Remparts zone.
5:28 of 2nd period - Chris Wagner is hit by Roberts Lipsbergs and loses puck.
5:42 of 2nd period - Slapshot by Logan MacMillan.
5:42 of 2nd period - Shot Misses the Net.
5:44 of 2nd period - Snap shot by Robin Norell.
5:44 of 2nd period - Stopped by Igor Bobkov without a rebound.
5:45 of 2nd period - Brandon Kozun wins face-off versus Brayden Point in Remparts zone.
7:23 of 2nd period - Pontus Aberg is hit by William Carrier and loses puck.
7:46 of 2nd period - Slapshot by Rickard Rakell.
7:46 of 2nd period - Shot Misses the Net.
7:48 of 2nd period - Wrist shot by Logan Stephenson.
7:48 of 2nd period - Deflect By Brian Boyle.
7:48 of 2nd period - Stopped by Harru Sateri without a rebound.
7:49 of 2nd period - Sam Carrick wins face-off versus Rickard Rakell in Ice Dragons zone.
7:56 of 2nd period - Wrist shot by Michael Latta.
7:56 of 2nd period - Stopped by Harru Sateri without a rebound.
7:57 of 2nd period - Sam Carrick wins face-off versus Brayden Point in Ice Dragons zone.
8:06 of 2nd period - Wrist shot by Zach Trotman.
8:06 of 2nd period - Shot Blocked by Michal Jordan.
8:08 of 2nd period - Wrist shot by Sam Carrick.
8:08 of 2nd period - Stopped by Igor Bobkov without a rebound.
8:09 of 2nd period - Boone Jenner wins face-off versus Brayden Point in Remparts zone.
8:12 of 2nd period - Backhand shot by Boone Jenner.
8:12 of 2nd period - Stopped by Igor Bobkov with a rebound.
8:54 of 2nd period - Slapshot by William Colbert.
8:54 of 2nd period - Shot Misses the Net.
8:56 of 2nd period - Slapshot by John Draeger.
8:56 of 2nd period - Deflect By Cedric Paquette.
8:56 of 2nd period - Shot Misses the Net.
8:56 of 2nd period - Puck is out of play.
8:57 of 2nd period - Boone Jenner wins face-off versus Cedric Paquette in Ice Dragons zone.
9:12 of 2nd period - Snap shot by Jake Virtanen.
9:12 of 2nd period - Deflect By Roberts Lipsbergs.
9:12 of 2nd period - Stopped by Harru Sateri without a rebound.
9:13 of 2nd period - Brian Boyle wins face-off versus Brayden Point in Ice Dragons zone.
9:22 of 2nd period - Snap shot by Jordan LaVallee.
9:22 of 2nd period - Deflect By Brian Boyle.
9:22 of 2nd period - Shot Misses the Net.
9:22 of 2nd period - Puck is out of play.
9:23 of 2nd period - Brian Boyle wins face-off versus Brayden Point in Remparts zone.
9:24 of 2nd period - Snap shot by Jordan LaVallee.
9:24 of 2nd period - Deflect By Brandon Kozun.
9:24 of 2nd period - Goal by Brandon Kozun - Ice Dragons : 2 - Remparts : 1.
9:25 of 2nd period - Brayden Point wins face-off versus Brian Boyle in neutral zone.
9:55 of 2nd period - Snap shot by Guillaume Desbiens.
9:55 of 2nd period - Shot Misses the Net.
9:57 of 2nd period - Slapshot by John Draeger.
9:57 of 2nd period - Stopped by Harru Sateri with a rebound.
9:59 of 2nd period - Snap shot by William Colbert.
9:59 of 2nd period - Shot Misses the Net.
10:09 of 2nd period - Corban Knight is hit by John Draeger.
10:13 of 2nd period - Snap shot by Jerry D'Amigo.
10:13 of 2nd period - Deflect By Cédric Lalonde-McNicoll.
10:13 of 2nd period - Stopped by Harru Sateri with a rebound.
10:29 of 2nd period - Niklas Hansson is hit by Brayden McNabb and loses puck.
10:50 of 2nd period - Snap shot by Roberts Lipsbergs.
10:50 of 2nd period - Shot Misses the Net.
10:52 of 2nd period - Slapshot by Niklas Hansson.
10:52 of 2nd period - Stopped by Harru Sateri without a rebound.
10:53 of 2nd period - Michael Latta wins face-off versus Brian Boyle in Ice Dragons zone.
10:57 of 2nd period - Minor Penalty to Brian Boyle for Holding.
10:58 of 2nd period - Brayden Point wins face-off versus Jordan LaVallee in Ice Dragons zone.
11:02 of 2nd period - Wrist shot by Rickard Rakell.
11:02 of 2nd period - Deflect By Brayden Point.
11:02 of 2nd period - Stopped by Harru Sateri with a rebound.
11:37 of 2nd period - Off-side.
11:38 of 2nd period - Corban Knight wins face-off versus Jonathan Matsumoto in neutral zone.
11:43 of 2nd period - Slapshot by Brayden McNabb.
11:43 of 2nd period - Goal by Brayden McNabb - Ice Dragons : 3 - Remparts : 1.
11:44 of 2nd period - Jordan LaVallee wins face-off versus Brayden Point in neutral zone.
11:47 of 2nd period - Slapshot by Brayden McNabb.
11:47 of 2nd period - Shot Misses the Net.
12:57 of 2nd period - Penalty to Brian Boyle is over, Brian Boyle is back on ice.
13:00 of 2nd period - Icing by Corban Knight.
13:01 of 2nd period - Cédric Lalonde-McNicoll wins face-off versus Corban Knight in Ice Dragons zone.
13:26 of 2nd period - Corban Knight is hit by John Draeger.
13:49 of 2nd period - Slapshot by Corban Knight.
13:49 of 2nd period - Stopped by Igor Bobkov without a rebound.
13:50 of 2nd period - Jonathan Matsumoto wins face-off versus Boone Jenner in Remparts zone.
14:01 of 2nd period - Snap shot by Jonathan Matsumoto.
14:01 of 2nd period - Stopped by Harru Sateri without a rebound.
14:02 of 2nd period - Boone Jenner wins face-off versus Brayden Point in Ice Dragons zone.
14:07 of 2nd period - Billy Sweat is hit by Rickard Rakell and loses puck.
14:14 of 2nd period - Wrist shot by Michael Latta.
14:14 of 2nd period - Shot Misses the Net.
14:28 of 2nd period - Kevin Connauton is hit by Guillaume Desbiens and loses puck.
14:51 of 2nd period - Jerome Gauthier-Leduc is hit by Cédric Lalonde-McNicoll and loses puck.
16:10 of 2nd period - Snap shot by William Carrier.
16:10 of 2nd period - Stopped by Igor Bobkov with a rebound.
16:18 of 2nd period - Slapshot by Niklas Hansson.
16:18 of 2nd period - Stopped by Harru Sateri with a rebound.
16:30 of 2nd period - Corban Knight is hit by Viktor Baldayev and loses puck.
17:21 of 2nd period - Jordan LaVallee is hit by Jerry D'Amigo and loses puck.
17:28 of 2nd period - Snap shot by Jerry D'Amigo.
17:28 of 2nd period - Shot Misses the Net.
17:40 of 2nd period - Justin Shugg is hit by Rickard Rakell and loses puck.
18:01 of 2nd period - Snap shot by Jake Virtanen.
18:01 of 2nd period - Stopped by Harru Sateri with a rebound.
18:03 of 2nd period - Slapshot by Michal Jordan.
18:03 of 2nd period - Shot Misses the Net.
18:17 of 2nd period - William Carrier is hit by Guillaume Desbiens and loses puck.
18:37 of 2nd period - Slapshot by Michal Jordan.
18:37 of 2nd period - Stopped by Harru Sateri without a rebound.
18:38 of 2nd period - Cédric Lalonde-McNicoll wins face-off versus Boone Jenner in Ice Dragons zone.
18:41 of 2nd period - Slapshot by Jerry D'Amigo.
18:41 of 2nd period - Shot Blocked by Jerome Gauthier-Leduc.
18:48 of 2nd period - Off-side.
18:49 of 2nd period - Brian Boyle wins face-off versus Brayden Point in neutral zone.
18:52 of 2nd period - Snap shot by Brian Boyle.
18:52 of 2nd period - Stopped by Igor Bobkov with a rebound.
18:56 of 2nd period - Wrist shot by Brandon Kozun.
18:56 of 2nd period - Shot Misses the Net.
18:57 of 2nd period - Minor Penalty to Brian Boyle for Holding.
18:58 of 2nd period - Brayden Point wins face-off versus Jordan LaVallee in Ice Dragons zone.
19:33 of 2nd period - Slapshot by Jonathan Matsumoto.
19:33 of 2nd period - Shot Misses the Net.
Goals for this period are 3 for Ice Dragons vs 0 for Remparts.
Shots for this period are 13 for Ice Dragons vs 11 for Remparts.
3rd period
0:01 of 3rd period - Brayden Point wins face-off versus Jordan LaVallee in neutral zone.
0:10 of 3rd period - Wrist shot by William Colbert.
0:10 of 3rd period - Shot Misses the Net.
0:12 of 3rd period - Slapshot by Logan Stephenson.
0:12 of 3rd period - Stopped by Harru Sateri without a rebound.
0:13 of 3rd period - Jordan LaVallee wins face-off versus Brayden Point in Ice Dragons zone.
0:13 of 3rd period - Jordan LaVallee is hit by Logan Stephenson.
0:55 of 3rd period - Pontus Aberg is hit by Adam Clendening and loses puck.
0:57 of 3rd period - Penalty to Brian Boyle is over, Brian Boyle is back on ice.
1:19 of 3rd period - Slapshot by Brian Boyle.
1:19 of 3rd period - Stopped by Igor Bobkov without a rebound.
1:20 of 3rd period - Brian Boyle wins face-off versus Brayden Point in Remparts zone.
1:21 of 3rd period - Slapshot by Jordan LaVallee.
1:21 of 3rd period - Goal by Jordan LaVallee - Ice Dragons : 4 - Remparts : 1.
1:22 of 3rd period - Brian Boyle wins face-off versus Brayden Point in neutral zone.
1:29 of 3rd period - Snap shot by Brandon Kozun.
1:29 of 3rd period - Shot Misses the Net.
1:31 of 3rd period - Snap shot by Brandon Kozun.
1:31 of 3rd period - Shot Misses the Net.
1:35 of 3rd period - Wrist shot by Jordan LaVallee.
1:35 of 3rd period - Stopped by Igor Bobkov without a rebound.
1:36 of 3rd period - Brian Boyle wins face-off versus Brayden Point in Remparts zone.
1:39 of 3rd period - Wrist shot by Brian Boyle.
1:39 of 3rd period - Stopped by Igor Bobkov with a rebound.
1:41 of 3rd period - Minor Penalty to Rickard Rakell for Interference.
1:42 of 3rd period - Jonathan Matsumoto wins face-off versus Brandon Kozun in Remparts zone.
2:18 of 3rd period - Icing by Billy Sweat.
2:19 of 3rd period - Cédric Lalonde-McNicoll wins face-off versus Brian Boyle in Ice Dragons zone.
2:41 of 3rd period - Backhand shot by Boone Jenner.
2:41 of 3rd period - Stopped by Igor Bobkov with a rebound.
2:43 of 3rd period - Wrist shot by Boone Jenner.
2:43 of 3rd period - Stopped by Igor Bobkov with a rebound.
2:45 of 3rd period - Backhand shot by Justin Shugg.
2:45 of 3rd period - Stopped by Igor Bobkov without a rebound.
2:46 of 3rd period - Jonathan Matsumoto wins face-off versus Boone Jenner in Remparts zone.
2:52 of 3rd period - Icing by Boone Jenner.
2:53 of 3rd period - Jonathan Matsumoto wins face-off versus Justin Shugg in Ice Dragons zone.
3:00 of 3rd period - Wrist shot by Roberts Lipsbergs.
3:00 of 3rd period - Goal by Roberts Lipsbergs - Ice Dragons : 4 - Remparts : 2.
3:01 of 3rd period - Brian Boyle wins face-off versus Cédric Lalonde-McNicoll in neutral zone.
3:04 of 3rd period - Backhand shot by Kevin Connauton.
3:04 of 3rd period - Stopped by Igor Bobkov without a rebound.
3:05 of 3rd period - Brian Boyle wins face-off versus Cédric Lalonde-McNicoll in Remparts zone.
3:16 of 3rd period - Snap shot by Jonathan Matsumoto.
3:16 of 3rd period - Shot Misses the Net.
3:18 of 3rd period - Wrist shot by John Draeger.
3:18 of 3rd period - Stopped by Harru Sateri with a rebound.
3:20 of 3rd period - Slapshot by Niklas Hansson.
3:20 of 3rd period - Shot Misses the Net.
3:22 of 3rd period - Slapshot by John Draeger.
3:22 of 3rd period - Shot Misses the Net.
3:41 of 3rd period - Penalty to Rickard Rakell is over, Rickard Rakell is back on ice.
4:01 of 3rd period - Slapshot by Kevin Connauton.
4:01 of 3rd period - Stopped by Igor Bobkov with a rebound.
4:11 of 3rd period - Wrist shot by Jordan LaVallee.
4:11 of 3rd period - Shot Misses the Net.
4:13 of 3rd period - Slapshot by Brandon Kozun.
4:13 of 3rd period - Ice Dragons goal is going for a video replay.
4:13 of 3rd period - The goal is refused. The puck has entered the net after making contact with an attacking player’s stick that is above the height of the crossbar..
4:14 of 3rd period - Cedric Paquette wins face-off versus Brian Boyle in Remparts zone.
4:21 of 3rd period - Zach Trotman is hit by Roberts Lipsbergs and loses puck.
4:56 of 3rd period - Slapshot by Zach Trotman.
4:56 of 3rd period - Stopped by Igor Bobkov without a rebound.
4:57 of 3rd period - Pontus Aberg wins face-off versus Corban Knight in Remparts zone.
4:57 of 3rd period - Pontus Aberg is hit by Kevin Connauton.
5:16 of 3rd period - Off-side.
5:17 of 3rd period - Brian Boyle wins face-off versus Brayden Point in neutral zone.
5:28 of 3rd period - Wrist shot by Brandon Kozun.
5:28 of 3rd period - Shot Blocked by Niklas Hansson.
5:42 of 3rd period - Jerry D'Amigo is hit by Brayden McNabb and loses puck.
6:51 of 3rd period - Slapshot by Michal Jordan.
6:51 of 3rd period - Shot Blocked by Billy Sweat.
6:53 of 3rd period - Slapshot by Michal Jordan.
6:53 of 3rd period - Deflect By Kevin Connauton.
6:53 of 3rd period - Stopped by Harru Sateri with a rebound.
6:55 of 3rd period - Slapshot by Cedric Paquette.
6:55 of 3rd period - Shot Misses the Net.
6:57 of 3rd period - Snap shot by Logan Stephenson.
6:57 of 3rd period - Stopped by Harru Sateri without a rebound.
6:58 of 3rd period - Justin Shugg wins face-off versus Jonathan Matsumoto in Ice Dragons zone.
7:23 of 3rd period - Snap shot by Jerry D'Amigo.
7:23 of 3rd period - Stopped by Harru Sateri with a rebound.
7:25 of 3rd period - Slapshot by Michal Jordan.
7:25 of 3rd period - Shot Blocked by Kevin Connauton.
7:34 of 3rd period - Icing by Billy Sweat.
7:35 of 3rd period - Boone Jenner wins face-off versus Brayden Point in Ice Dragons zone.
8:00 of 3rd period - Brandon Kozun is hit by Guillaume Desbiens and loses puck.
8:05 of 3rd period - Wrist shot by Jonathan Matsumoto.
8:05 of 3rd period - Shot Blocked by Brandon Kozun.
8:18 of 3rd period - Icing by Logan Stephenson.
8:19 of 3rd period - Matt Puempel wins face-off versus Corban Knight in Remparts zone.
8:19 of 3rd period - Matt Puempel is hit by Chris Wagner.
9:24 of 3rd period - Robin Norell is hit by Jerry D'Amigo and loses puck.
10:06 of 3rd period - Snap shot by Chris Wagner.
10:06 of 3rd period - Deflect By Logan Stephenson.
10:06 of 3rd period - Shot Misses the Net.
10:06 of 3rd period - Puck is out of play.
10:07 of 3rd period - Boone Jenner wins face-off versus Jonathan Matsumoto in Remparts zone.
10:10 of 3rd period - Slapshot by Boone Jenner.
10:10 of 3rd period - Stopped by Igor Bobkov with a rebound.
10:12 of 3rd period - Slapshot by Kevin Connauton.
10:12 of 3rd period - Stopped by Igor Bobkov without a rebound.
10:13 of 3rd period - Boone Jenner wins face-off versus Brayden Point in Remparts zone.
10:18 of 3rd period - Snap shot by Billy Sweat.
10:18 of 3rd period - Shot Blocked by William Colbert.
10:21 of 3rd period - Icing by Brayden Point.
10:22 of 3rd period - Brayden Point wins face-off versus Brian Boyle in Remparts zone.
10:29 of 3rd period - Slapshot by Rickard Rakell.
10:29 of 3rd period - Stopped by Harru Sateri with a rebound.
10:47 of 3rd period - Brayden McNabb is hit by Michael Latta.
11:05 of 3rd period - Slapshot by Michael Latta.
11:05 of 3rd period - Shot Misses the Net.
11:11 of 3rd period - Slapshot by Michael Latta.
11:11 of 3rd period - Stopped by Harru Sateri with a rebound.
11:13 of 3rd period - Slapshot by William Colbert.
11:13 of 3rd period - Shot Misses the Net.
11:15 of 3rd period - Slapshot by William Colbert.
11:15 of 3rd period - Shot Blocked by Boone Jenner.
11:17 of 3rd period - Snap shot by Brayden Point.
11:17 of 3rd period - Goal by Brayden Point - Ice Dragons : 4 - Remparts : 3.
11:18 of 3rd period - Brian Boyle wins face-off versus Jonathan Matsumoto in neutral zone.
11:43 of 3rd period - Justin Shugg is hit by Cédric Lalonde-McNicoll.
12:07 of 3rd period - Minor Penalty to Jake Virtanen for Hooking.
12:08 of 3rd period - Cédric Lalonde-McNicoll wins face-off versus Brian Boyle in Remparts zone.
12:08 of 3rd period - Cédric Lalonde-McNicoll is hit by Jordan LaVallee.
12:22 of 3rd period - Wrist shot by Brandon Kozun.
12:22 of 3rd period - Stopped by Igor Bobkov with a rebound.
12:24 of 3rd period - Backhand shot by Kevin Connauton.
12:24 of 3rd period - Goal by Kevin Connauton - Ice Dragons : 5 - Remparts : 3.
12:25 of 3rd period - Brian Boyle wins face-off versus Brayden Point in neutral zone.
12:31 of 3rd period - Off-side.
12:32 of 3rd period - Brayden Point wins face-off versus Brian Boyle in neutral zone.
14:16 of 3rd period - Wrist shot by Jonathan Matsumoto.
14:16 of 3rd period - Shot Misses the Net.
14:18 of 3rd period - Slapshot by Michal Jordan.
14:18 of 3rd period - Stopped by Harru Sateri with a rebound.
14:20 of 3rd period - Wrist shot by Michal Jordan.
14:20 of 3rd period - Stopped by Harru Sateri without a rebound.
14:21 of 3rd period - Boone Jenner wins face-off versus Brayden Point in Ice Dragons zone.
14:21 of 3rd period - Boone Jenner is hit by Brayden Point.
15:13 of 3rd period - Snap shot by Chris Wagner.
15:13 of 3rd period - Shot Misses the Net.
16:21 of 3rd period - Snap shot by Logan MacMillan.
16:21 of 3rd period - Stopped by Igor Bobkov with a rebound.
16:34 of 3rd period - Off-side.
16:35 of 3rd period - Brian Boyle wins face-off versus Brayden Point in neutral zone.
17:18 of 3rd period - Snap shot by Rickard Rakell.
17:18 of 3rd period - Shot Misses the Net.
17:20 of 3rd period - Snap shot by Michael Latta.
17:20 of 3rd period - Stopped by Harru Sateri with a rebound.
17:22 of 3rd period - Snap shot by Logan Stephenson.
17:22 of 3rd period - Stopped by Harru Sateri with a rebound.
17:24 of 3rd period - Slapshot by Michal Jordan.
17:24 of 3rd period - Shot Misses the Net.
17:26 of 3rd period - Wrist shot by Brayden Point.
17:26 of 3rd period - Goal by Brayden Point - Ice Dragons : 5 - Remparts : 4.
17:27 of 3rd period - Cédric Lalonde-McNicoll wins face-off versus Brian Boyle in neutral zone.
17:39 of 3rd period - Wrist shot by Cédric Lalonde-McNicoll.
17:39 of 3rd period - Stopped by Harru Sateri with a rebound.
17:41 of 3rd period - Wrist shot by Jerry D'Amigo.
17:41 of 3rd period - Stopped by Harru Sateri without a rebound.
17:42 of 3rd period - Guillaume Desbiens wins face-off versus Brian Boyle in Ice Dragons zone.
17:45 of 3rd period - Backhand shot by Jonathan Matsumoto.
17:45 of 3rd period - Stopped by Harru Sateri with a rebound.
17:55 of 3rd period - Slapshot by Guillaume Desbiens.
17:55 of 3rd period - Shot Misses the Net.
18:13 of 3rd period - Minor Penalty to Corban Knight for Roughing.
18:14 of 3rd period - Jordan LaVallee wins face-off versus Brayden Point in Ice Dragons zone.
18:22 of 3rd period - Snap shot by Michael Latta.
18:22 of 3rd period - Stopped by Harru Sateri without a rebound.
18:23 of 3rd period - Brian Boyle wins face-off versus Brayden Point in Ice Dragons zone.
18:47 of 3rd period - Remparts, Igor Bobkov is pulled from the net.
19:03 of 3rd period - Snap shot by Rickard Rakell.
19:03 of 3rd period - Stopped by Harru Sateri with a rebound.
19:05 of 3rd period - Wrist shot by Logan Stephenson.
19:05 of 3rd period - Shot Misses the Net.
19:07 of 3rd period - Wrist shot by Rickard Rakell.
19:07 of 3rd period - Stopped by Harru Sateri without a rebound.
19:08 of 3rd period - Glen Gulutzan call a timeout for Remparts.
19:08 of 3rd period - Jordan LaVallee wins face-off versus Jonathan Matsumoto in Ice Dragons zone.
19:17 of 3rd period - Kevin Connauton is hit by Guillaume Desbiens and loses puck.
Goals for this period are 2 for Ice Dragons vs 3 for Remparts.
Shots for this period are 16 for Ice Dragons vs 20 for Remparts.
Back to the Top